1780 views
Uploaded 2023-02-10 03:05:35
Game version 1.35 (6115)
29:49 long 2on2 ladder game on (4)dejavu_v1.5 s3
Saved by GIGA
1780 views
Uploaded 2023-02-10 03:05:35
Game version 1.35 (6115)
29:49 long 2on2 ladder game on (4)dejavu_v1.5 s3


68 units @ 10.3k
/ 1.6k
60 buildings @ 10.7k
/ 3.8k



| Orb of Venom | 2 | 650 |
| Scroll of Town Portal | 1 | 350 |
| Circlet of Nobility | 1 | 175 |
| Potion of Lesser Invulnerability | 1 | 150 |
| Slippers of Agility +3 | 1 | 100 |
| Runed Bracers | 1 | 400 |
| Belt of Giant Strength +6 | 1 | 400 |
| total: | 8 | 2225g |
| Wisp | 15 | 900 | / | 0 |
| Huntress | 3 | 585 | / | 60 |
| Druid of the Claw | 2 | 510 | / | 160 |
| Chimaera | 4 | 1320 | / | 280 |
| Mountain Giant | 1 | 350 | / | 100 |
| Dryad | 2 | 290 | / | 120 |
| total: | 27 | 3955g | / | 720w |
| Altar of Elders | 4 | 720 | / | 200 |
| Moon Well | 7 | 1260 | / | 280 |
| Hunter's Hall | 1 | 210 | / | 100 |
| Ancient of War | 1 | 150 | / | 60 |
| Ancient of Wonders | 1 | 90 | / | 30 |
| Tree of Life | 2 | 680 | / | 370 |
| Ancient of Lore | 1 | 155 | / | 145 |
| Ancient of Wind | 1 | 150 | / | 140 |
| Chimaera Roost | 2 | 280 | / | 380 |
| Tree of Ages | 3 | 960 | / | 540 |
| Tree of Eternity | 1 | 330 | / | 200 |
| total: | 20 | 3695g | / | 1705w |
| 0:02 | Wisp |
| 0:02 | Wisp |
| 0:02 | Wisp |
| 0:07 | Altar of Elders |
| 0:10 | Moon Well |
| 0:23 | Wisp |
| 0:29 | Wisp |
| 0:41 | Wisp |
| 1:06 | Wisp |
| 1:21 | Wisp |
| 1:29 | Wisp |
| 1:41 | Hunter's Hall |
| 1:44 | Ancient of War |
| 1:54 | Moon Well |
| 1:59 | Wisp |
| 1:59 | Wisp |
| 1:59 | Wisp |
| 1:59 | Wisp |
| 2:12 | Searing Arrows |
| 2:15 | Wisp |
| 2:42 | Tree of Ages |
| 2:58 | Huntress |
| 3:19 | Huntress |
| 3:43 | Huntress |
| 4:35 | Strength of the Moon |
| 4:40 | Moon Well |
| 5:11 | Ancient of Lore |
| 5:12 | Wisp |
| 5:31 | Tree of Eternity |
| 5:46 | Strength of the Wild |
| 6:03 | Breath of Fire |
| 6:28 | Druid of the Claw Adept Training |
| 6:30 | Moon Well |
| 6:45 | Ancient of Wonders |
| 6:47 | Trueshot Aura |
| 6:58 | Druid of the Claw |
| 7:22 | Circlet of Nobility |
| 7:55 | Slippers of Agility +3 |
| 8:03 | Chimaera Roost |
| 8:06 | Chimaera Roost |
| 8:07 | Druid of the Claw Master Training |
| 8:09 | Drunken Brawler |
| 8:11 | Orb of Venom |
| 8:44 | Mark of the Claw |
| 8:46 | Reinforced Hides |
| 8:49 | Moon Well |
| 8:54 | Ancient of Wind |
| 9:09 | Howl of Terror |
| 9:38 | Chimaera |
| 9:38 | Chimaera |
| 9:38 | Chimaera |
| 9:54 | Trueshot Aura |
| 10:01 | Potion of Lesser Invulnerability |
| 10:21 | Mountain Giant |
| 11:06 | Cleaving Attack |
| 11:12 | Breath of Fire |
| 11:18 | Improved Reinforced Hides |
| 11:22 | Druid of the Claw |
| 11:26 | Dryad |
| 11:27 | Abolish Magic |
| 11:28 | Moon Well |
| 12:13 | Chimaera |
| 12:30 | Improved Strength of the Wild |
| 13:05 | Well Spring |
| 13:20 | Orb of Venom |
| 13:40 | Dryad |
| 14:30 | Scroll of Town Portal |
| 14:43 | Corrosive Breath |
| 15:46 | Advanced Strength of the Wild |
| 15:49 | Advanced Reinforced Hides |
| 16:03 | Howl of Terror |
| 16:42 | Ultravision |
| 17:17 | Runed Bracers |
| 17:18 | Belt of Giant Strength +6 |
| 17:52 | Hardened Skin |
| 17:54 | Resistant Skin |
| 20:12 | Searing Arrows |
| 20:16 | Drunken Brawler |
| 20:31 | Tree of Life |
| 22:54 | Cleaving Attack |
| 23:59 | Altar of Elders |
| 24:20 | Tree of Life |
| 24:55 | Altar of Elders |
| 26:19 | Altar of Elders |
| 28:04 | Moon Well |
| Right click | 1356 |
| Select | 685 |
| Build/train/purchase | 151 |
| Resource trade | 33 |
| Chat | 32 |
| Use ability | 24 |
| Item give/drop | 5 |
| Remove unit | 3 |
| Misc. action | 2 |


| Rod of Necromancy | 1 | 150 |
| Sacrificial Skull | 1 | 50 |
| Scroll of Healing | 2 | 500 |
| Scroll of Town Portal | 3 | 1050 |
| Boots of Speed | 2 | 500 |
| Potion of Lesser Invulnerability | 2 | 300 |
| total: | 11 | 2550g |
| Acolyte | 18 | 1350 | / | 0 |
| Ghoul | 5 | 600 | / | 0 |
| Crypt Fiend | 13 | 2795 | / | 520 |
| Frost Wyrm | 3 | 1155 | / | 360 |
| Forest Troll Shadow Priest | 1 | 195 | / | 10 |
| Forest Troll Berserker | 1 | 245 | / | 30 |
| total: | 41 | 6340g | / | 920w |
| Nerubian Tower | 2 | 200 | / | 40 |
| Spirit Tower | 3 | 435 | / | 120 |
| Graveyard | 4 | 860 | / | 0 |
| Crypt | 9 | 1800 | / | 450 |
| Ziggurat | 18 | 2700 | / | 900 |
| Altar of Darkness | 2 | 360 | / | 100 |
| Tomb of Relics | 1 | 130 | / | 30 |
| Necropolis | 3 | 675 | / | 0 |
| Boneyard | 3 | 525 | / | 600 |
| Halls of the Dead | 3 | 960 | / | 630 |
| Black Citadel | 1 | 325 | / | 230 |
| total: | 40 | 7050g | / | 2080w |
| 0:02 | Acolyte |
| 0:14 | Graveyard |
| 0:15 | Crypt |
| 0:21 | Acolyte |
| 0:21 | Acolyte |
| 0:40 | Ziggurat |
| 0:50 | Altar of Darkness |
| 1:17 | Ghoul |
| 1:29 | Ziggurat |
| 1:37 | Crypt Fiend |
| 1:52 | Tomb of Relics |
| 2:14 | Crypt Fiend |
| 2:30 | Nerubian Tower |
| 2:47 | Crypt Fiend |
| 2:59 | Rod of Necromancy |
| 3:08 | Death Coil |
| 3:12 | Acolyte |
| 3:17 | Sacrificial Skull |
| 3:40 | Ghoul |
| 3:44 | Ziggurat |
| 3:54 | Ziggurat |
| 4:02 | Ghoul |
| 4:05 | Unholy Aura |
| 4:38 | Ghoul |
| 4:41 | Ghoul |
| 4:50 | Forest Troll Shadow Priest |
| 5:13 | Forest Troll Berserker |
| 5:21 | Acolyte |
| 5:32 | Acolyte |
| 5:34 | Acolyte |
| 5:46 | Death Coil |
| 5:57 | Necropolis |
| 6:04 | Acolyte |
| 6:26 | Halls of the Dead |
| 6:39 | Boots of Speed |
| 7:05 | Crypt Fiend |
| 7:08 | Nerubian Tower |
| 7:10 | Spirit Tower |
| 7:11 | Ziggurat |
| 7:24 | Scroll of Healing |
| 7:33 | Creature Attack |
| 7:49 | Creature Carapace |
| 7:51 | Unholy Aura |
| 8:47 | Black Citadel |
| 8:51 | Ziggurat |
| 8:51 | Ziggurat |
| 8:54 | Graveyard |
| 9:03 | Graveyard |
| 9:29 | Improved Creature Attack |
| 9:34 | Ziggurat |
| 9:35 | Ziggurat |
| 9:36 | Ziggurat |
| 9:56 | Frost Nova |
| 10:39 | Improved Creature Carapace |
| 10:44 | Scroll of Town Portal |
| 10:52 | Acolyte |
| 10:52 | Acolyte |
| 10:52 | Acolyte |
| 10:52 | Acolyte |
| 10:52 | Acolyte |
| 11:11 | Boneyard |
| 11:13 | Boneyard |
| 11:16 | Boneyard |
| 11:23 | Death Coil |
| 11:35 | Advanced Creature Attack |
| 12:06 | Frost Armor |
| 12:14 | Acolyte |
| 12:35 | Potion of Lesser Invulnerability |
| 12:42 | Boots of Speed |
| 12:44 | Scroll of Healing |
| 12:46 | Frost Wyrm |
| 13:47 | Frost Wyrm |
| 13:56 | Necropolis |
| 14:20 | Frost Wyrm |
| 15:07 | Acolyte |
| 15:38 | Freezing Breath |
| 15:53 | Acolyte |
| 15:55 | Acolyte |
| 15:55 | Acolyte |
| 16:58 | Advanced Creature Carapace |
| 17:27 | Crypt Fiend |
| 17:31 | Crypt |
| 17:32 | Crypt |
| 17:39 | Web |
| 17:44 | Crypt |
| 18:19 | Scroll of Town Portal |
| 18:28 | Crypt Fiend |
| 18:41 | Crypt Fiend |
| 19:13 | Crypt Fiend |
| 19:17 | Spirit Tower |
| 19:30 | Spirit Tower |
| 19:31 | Crypt Fiend |
| 19:51 | Crypt Fiend |
| 19:53 | Crypt Fiend |
| 20:23 | Crypt Fiend |
| 21:23 | Frost Nova |
| 21:34 | Crypt Fiend |
| 22:20 | Halls of the Dead |
| 23:20 | Necropolis |
| 24:51 | Crypt |
| 24:52 | Crypt |
| 25:09 | Crypt |
| 25:10 | Crypt |
| 25:11 | Crypt |
| 26:08 | Graveyard |
| 26:10 | Halls of the Dead |
| 26:15 | Ziggurat |
| 26:16 | Ziggurat |
| 26:23 | Altar of Darkness |
| 26:34 | Ziggurat |
| 26:35 | Ziggurat |
| 26:37 | Ziggurat |
| 26:37 | Ziggurat |
| 26:39 | Ziggurat |
| 26:39 | Ziggurat |
| 26:53 | Scroll of Town Portal |
| 26:53 | Potion of Lesser Invulnerability |
| Right click | 790 |
| Select | 605 |
| Select group | 526 |
| Build/train/purchase | 101 |
| Use ability | 52 |
| Assign group | 30 |
| Misc. action | 14 |
| Minimap ping | 11 |
| Resource trade | 7 |
| Chat | 5 |
| Item give/drop | 4 |
| Esc | 2 |
69 units @ 6.9k
/ 1k
98 buildings @ 7.5k
/ 3.2k
GIGA
(207)
(29:44) : 

| Orb of Fire | 1 | 325 |
| Staff of Sanctuary | 1 | 250 |
| Replenishment Potion | 1 | 150 |
| Ring of Regeneration | 1 | 300 |
| total: | 4 | 1025g |
| Peasant | 15 | 1125 | / | 0 |
| Footman | 5 | 675 | / | 0 |
| Dragonhawk Rider | 3 | 600 | / | 90 |
| total: | 23 | 2400g | / | 90w |
| Scout Tower | 13 | 390 | / | 260 |
| Arcane Tower | 2 | 140 | / | 100 |
| Guard Tower | 9 | 630 | / | 450 |
| Altar of Kings | 2 | 360 | / | 100 |
| Farm | 10 | 800 | / | 200 |
| Barracks | 1 | 160 | / | 60 |
| Lumber Mill | 1 | 120 | / | 0 |
| Arcane Vault | 2 | 260 | / | 60 |
| Blacksmith | 1 | 140 | / | 60 |
| Gryphon Aviary | 1 | 140 | / | 150 |
| Keep | 1 | 320 | / | 210 |
| Castle | 1 | 360 | / | 210 |
| total: | 31 | 2370g | / | 890w |
| 0:03 | Peasant |
| 0:03 | Peasant |
| 0:06 | Altar of Kings |
| 0:09 | Farm |
| 0:10 | Farm |
| 0:33 | Peasant |
| 0:41 | Peasant |
| 0:52 | Barracks |
| 1:04 | Peasant |
| 1:04 | Peasant |
| 1:14 | Lumber Mill |
| 1:18 | Peasant |
| 1:34 | Scout Tower |
| 1:36 | Peasant |
| 1:42 | Peasant |
| 2:00 | Footman |
| 2:03 | Farm |
| 2:05 | Arcane Tower |
| 2:17 | Storm Bolt |
| 2:20 | Peasant |
| 3:06 | Peasant |
| 3:06 | Peasant |
| 3:20 | Keep |
| 3:38 | Scout Tower |
| 3:40 | Footman |
| 3:40 | Footman |
| 4:01 | Scout Tower |
| 4:28 | Guard Tower |
| 4:35 | Guard Tower |
| 4:41 | Scout Tower |
| 5:28 | Guard Tower |
| 5:43 | Scout Tower |
| 5:44 | Scout Tower |
| 5:53 | Improved Masonry |
| 5:55 | Scout Tower |
| 5:57 | Scout Tower |
| 6:01 | Peasant |
| 6:01 | Peasant |
| 6:01 | Peasant |
| 6:07 | Footman |
| 6:07 | Footman |
| 6:33 | Guard Tower |
| 6:35 | Guard Tower |
| 6:41 | Scout Tower |
| 6:50 | Holy Light |
| 7:00 | Castle |
| 7:12 | Guard Tower |
| 7:16 | Scout Tower |
| 8:00 | Replenishment Potion |
| 8:19 | Bash |
| 8:30 | Ring of Regeneration |
| 8:41 | Guard Tower |
| 8:43 | Advanced Masonry |
| 8:46 | Guard Tower |
| 9:02 | Gryphon Aviary |
| 9:49 | Arcane Vault |
| 10:06 | Scout Tower |
| 10:07 | Scout Tower |
| 10:08 | Scout Tower |
| 11:09 | Cloud |
| 11:15 | Farm |
| 11:15 | Farm |
| 11:19 | Arcane Tower |
| 11:26 | Imbued Masonry |
| 11:41 | Dragonhawk Rider |
| 11:41 | Dragonhawk Rider |
| 11:50 | Guard Tower |
| 12:20 | Blacksmith |
| 12:34 | Dragonhawk Rider |
| 12:48 | Storm Bolt |
| 13:45 | Animal War Training |
| 14:58 | Orb of Fire |
| 14:58 | Staff of Sanctuary |
| 16:31 | Studded Leather Armor |
| 22:27 | Altar of Kings |
| 22:31 | Farm |
| 22:32 | Farm |
| 22:33 | Farm |
| 23:20 | Farm |
| 24:26 | Arcane Vault |
| 24:31 | Farm |
| 27:06 | Holy Light |
| 29:24 | Bash |
| Right click | 1904 |
| Select group | 1514 |
| Select | 403 |
| Build/train/purchase | 63 |
| Misc. action | 41 |
| Use ability | 36 |
| Resource trade | 28 |
| Assign group | 22 |
| Minimap ping | 8 |
| Chat | 8 |
| Item give/drop | 5 |
| Esc | 3 |


| Dust of Appearance | 1 | 75 |
| Boots of Speed | 1 | 250 |
| total: | 2 | 325g |
| Peasant | 24 | 1800 | / | 0 |
| Mortar Team | 5 | 900 | / | 350 |
| Flying Machine | 16 | 1600 | / | 480 |
| Transport Ship | 1 | 170 | / | 50 |
| total: | 46 | 4470g | / | 880w |
| Scout Tower | 36 | 1080 | / | 720 |
| Arcane Tower | 1 | 70 | / | 50 |
| Guard Tower | 20 | 1400 | / | 1000 |
| Altar of Kings | 2 | 360 | / | 100 |
| Farm | 18 | 1440 | / | 360 |
| Lumber Mill | 2 | 240 | / | 0 |
| Town Hall | 3 | 1155 | / | 615 |
| Blacksmith | 1 | 140 | / | 60 |
| Arcane Vault | 2 | 260 | / | 60 |
| Workshop | 3 | 420 | / | 420 |
| Keep | 1 | 320 | / | 210 |
| Castle | 1 | 360 | / | 210 |
| total: | 67 | 5095g | / | 2335w |
| 0:02 | Peasant |
| 0:16 | Peasant |
| 0:18 | Altar of Kings |
| 0:22 | Peasant |
| 0:35 | Farm |
| 0:39 | Peasant |
| 0:48 | Lumber Mill |
| 0:49 | Peasant |
| 0:55 | Farm |
| 1:03 | Peasant |
| 1:17 | Scout Tower |
| 1:21 | Peasant |
| 1:36 | Peasant |
| 1:43 | Farm |
| 1:44 | Scout Tower |
| 1:46 | Arcane Tower |
| 1:49 | Peasant |
| 1:59 | Peasant |
| 2:10 | Scout Tower |
| 2:13 | Guard Tower |
| 2:16 | Storm Bolt |
| 2:25 | Peasant |
| 3:10 | Town Hall |
| 3:16 | Peasant |
| 3:16 | Peasant |
| 3:21 | Town Hall |
| 3:32 | Bash |
| 3:40 | Scout Tower |
| 3:41 | Scout Tower |
| 3:43 | Peasant |
| 3:54 | Peasant |
| 3:58 | Scout Tower |
| 4:03 | Dust of Appearance |
| 4:24 | Scout Tower |
| 4:25 | Scout Tower |
| 4:26 | Guard Tower |
| 4:27 | Peasant |
| 4:27 | Peasant |
| 4:30 | Guard Tower |
| 4:31 | Scout Tower |
| 4:33 | Scout Tower |
| 4:34 | Scout Tower |
| 4:37 | Improved Lumber Harvesting |
| 4:44 | Guard Tower |
| 4:53 | Keep |
| 5:33 | Blacksmith |
| 5:36 | Guard Tower |
| 5:38 | Scout Tower |
| 5:39 | Scout Tower |
| 5:40 | Scout Tower |
| 5:41 | Scout Tower |
| 5:41 | Scout Tower |
| 5:48 | Guard Tower |
| 5:51 | Peasant |
| 5:51 | Peasant |
| 5:59 | Scout Tower |
| 6:01 | Scout Tower |
| 6:04 | Improved Masonry |
| 6:09 | Scout Tower |
| 6:16 | Guard Tower |
| 6:17 | Scout Tower |
| 6:19 | Scout Tower |
| 6:34 | Guard Tower |
| 6:36 | Guard Tower |
| 6:38 | Peasant |
| 6:38 | Peasant |
| 6:46 | Guard Tower |
| 6:52 | Guard Tower |
| 7:25 | Castle |
| 7:28 | Peasant |
| 7:28 | Peasant |
| 7:30 | Advanced Lumber Harvesting |
| 7:32 | Advanced Masonry |
| 8:03 | Guard Tower |
| 8:03 | Black Gunpowder |
| 8:08 | Workshop |
| 8:10 | Workshop |
| 8:14 | Holy Light |
| 8:35 | Scout Tower |
| 8:36 | Scout Tower |
| 8:37 | Scout Tower |
| 8:38 | Scout Tower |
| 8:43 | Iron Plating |
| 9:17 | Flak Cannons |
| 9:17 | Flare |
| 9:21 | Guard Tower |
| 9:23 | Scout Tower |
| 9:23 | Scout Tower |
| 9:31 | Refined Gunpowder |
| 9:44 | Mortar Team |
| 9:53 | Guard Tower |
| 9:58 | Peasant |
| 10:08 | Farm |
| 10:09 | Farm |
| 10:16 | Guard Tower |
| 10:46 | Flying Machine Bombs |
| 10:52 | Divine Shield |
| 11:12 | Fragmentation Shards |
| 11:26 | Imbued Masonry |
| 11:36 | Workshop |
| 12:05 | Farm |
| 12:06 | Scout Tower |
| 12:07 | Scout Tower |
| 12:11 | Flying Machine |
| 12:12 | Flying Machine |
| 12:26 | Scout Tower |
| 12:27 | Scout Tower |
| 12:27 | Scout Tower |
| 12:33 | Flying Machine |
| 12:44 | Imbued Gunpowder |
| 12:49 | Farm |
| 12:51 | Farm |
| 12:51 | Farm |
| 13:00 | Flying Machine |
| 13:15 | Boots of Speed |
| 13:51 | Flying Machine |
| 13:51 | Flying Machine |
| 13:52 | Flying Machine |
| 13:52 | Flying Machine |
| 13:52 | Flying Machine |
| 13:52 | Flying Machine |
| 13:52 | Flying Machine |
| 14:32 | Divine Shield |
| 14:36 | Steel Plating |
| 14:38 | Farm |
| 15:07 | Guard Tower |
| 15:50 | Flying Machine |
| 15:50 | Flying Machine |
| 16:32 | Mithril Plating |
| 16:36 | Guard Tower |
| 16:38 | Scout Tower |
| 16:39 | Scout Tower |
| 17:06 | Guard Tower |
| 17:08 | Scout Tower |
| 17:09 | Scout Tower |
| 17:35 | Storm Bolt |
| 17:49 | Guard Tower |
| 18:02 | Transport Ship |
| 20:16 | Town Hall |
| 20:19 | Holy Light |
| 20:25 | Guard Tower |
| 20:52 | Farm |
| 20:53 | Farm |
| 20:53 | Farm |
| 20:54 | Farm |
| 20:54 | Farm |
| 21:11 | Farm |
| 21:11 | Farm |
| 21:11 | Farm |
| 21:58 | Mortar Team |
| 22:30 | Studded Leather Armor |
| 22:36 | Mortar Team |
| 23:41 | Bash |
| 23:42 | Divine Shield |
| 24:01 | Flying Machine |
| 24:02 | Flying Machine |
| 24:13 | Flying Machine |
| 24:33 | Lumber Mill |
| 24:39 | Arcane Vault |
| 26:09 | Arcane Vault |
| 26:13 | Mortar Team |
| 26:30 | Reinforced Leather Armor |
| 26:37 | Storm Bolt |
| 26:58 | Mortar Team |
| 29:42 | Altar of Kings |
| Right click | 995 |
| Select | 470 |
| Select group | 249 |
| Build/train/purchase | 109 |
| Use ability | 59 |
| Misc. action | 31 |
| Resource trade | 17 |
| Assign group | 10 |
| Minimap ping | 7 |
| Item give/drop | 1 |
⇛